 Dungeon Crawl Stone Soup version 0.31-a0-1074-g0b22e4e0f1 (webtiles) character file.

Game seed: 14051376161871017952

92744 Jeffwins the Gouger (level 15, -7/64 HPs)
             Began as a Felid Shapeshifter on Dec 1, 2023.
             Was a High Priest of Vehumet.
             Killed from afar by a naga mage (16 damage)
             ... with a bolt of poison
             ... on level 1 of the Snake Pit.
             The game lasted 01:17:09 (30640 turns).

Jeffwins the Gouger (Felid Shapeshifter)           Turns: 30640, Time: 01:17:10

Health: -7/64      AC:  3    Str:  6    XL:     15   Next: 58%
Magic:  22/26      EV: 25    Int: 28    God:    Vehumet [*****.]
Gold:   459        SH:  0    Dex: 23    Spells: 2/27 levels left
                                        Lives:  0   Deaths: 5

rFire   . .          .
                       - Unarmed
rCold   + . .        (shield unavailable)
rNeg    . . .        (body armour unavailable)
rPois   .            (helmet unavailable)
rElec   .            (cloak unavailable)
rCorr   .            (gloves unavailable)
SInv    +            (boots unavailable)
Will    ++...        g - amulet of regeneration
Stlth   +++++        J - ring of Beunlari {Str-4 Int+4 Dex+6 Slay+2}
HPRegen 1.10/turn    I - +6 ring of intelligence
MPRegen 0.20/turn

%: no passive effects
@: lethally poisoned (-7 -> -14), beast-form, forested, quick
A: beast (slay +4), very small, claws 1, fangs 3, see invisible, speed 1, shaggy
fur 3, stealthy paws, no weapons or thrown items, no armour, multi-lived
a: Begin Untransformation, Renounce Religion


You were on level 1 of the Snake Pit.
You worshipped Vehumet.
Vehumet was extremely pleased with you.
You were a hulking beast.
You visited 7 branches of the dungeon, and saw 26 of its levels.
You also visited: Ice Cave.

You collected 2983 gold pieces.
You spent 2524 gold pieces at shops.


Innate Abilities, Weirdness & Mutations

You are a hulking beast.
Your limbs bulge with bestial killing power. (Slay +4)
You have sharp claws.
You have razor-sharp teeth.
You have supernaturally acute eyesight. (SInv)
You cover ground quickly. (Speed+)
Your thick and shaggy fur keeps you warm. (AC +3, rC+)
Your paws help you pounce on unaware monsters.
You are incapable of wielding weapons or throwing items.
You cannot wear armour.
You gain extra lives every three experience levels.


   Skills:
 + Level 6.7 Fighting
 + Level 9.1 Dodging
 + Level 9.2 Stealth
 * Level 9.8 Unarmed Combat
 * Level 6.8 Spellcasting
 * Level 8.1 Conjurations
 * Level 6.5 Summonings
 * Level 9.5 Translocations
 * Level 6.8 Transmutations
 - Level 5.0 Fire Magic
 * Level 7.5 Ice Magic
 * Level 8.0 Air Magic
 * Level 6.8 Poison Magic
 + Level 6.7 Evocations
 * Level 9.8 Shapeshifting


You had 2 spell levels left.
You knew the following spells:

 Your Spells              Type           Power      Damage    Failure   Level
d - Orb of Destruction    Conj           26%        9d9       38%         7
f - Summon Forest         Summ/Tloc      26%        N/A       5%          5
m - Mephitic Cloud        Conj/Pois/Air  51%        N/A       1%          3
x - Ignite Poison         Fire/Tmut/Pois 44%        N/A       1%          3
z - Poisonous Vapours     Pois/Air       100%       N/A       1%          2
I - Blink                 Tloc           100%       N/A       1%          2
Y - Frozen Ramparts       Ice            100%       1d16      1%          3

Your spell library contained the following spells:

 Spells                   Type           Power      Damage    Failure   Level
 Iskenderun's Battlesphe  Conj           53%        2d10      1%          5
 Apportation              Tloc           100%       N/A       1%          1
 Freeze                   Ice            100%       1d10      1%          1
 Magic Dart               Conj           100%       1d8       1%          1
 Summon Small Mammal      Summ           100%       N/A       1%          1
 Call Imp                 Summ           92%        N/A       1%          2
 Cigotuvi's Dreadful Rot  Necr/Pois/Air  74%        N/A       1%          2
 Momentum Strike          Conj/Tloc      100%       3d10      1%          2
 Necrotise                Necr           36%        1d5       5%          1
 Stone Arrow              Conj/Erth      64%        3d11      1%          3
 Manifold Assault         Tloc           58%        N/A       1%          4
 Passage of Golubria      Tloc           58%        N/A       1%          4
 Sticky Flame             Conj/Fire      46%        2d6       1%          4
 Freezing Cloud           Conj/Ice/Air   26%        6-21      1%          5
 Alistair's Intoxication  Tmut/Pois      31%        N/A       10%         5
 Yara's Violent Unravell  Hex/Tmut       14%        3d7       11%         5
 Eringya's Noxious Bog    Tmut/Pois      23%        4d6       13%         6
 Petrify                  Tmut/Erth      28%        N/A       14%         4
 Plasma Beam              Fire/Air       23%        2x1d35    16%         6
 Starburst                Conj/Fire      23%        6d8       16%         6
 Tukima's Dance           Hex            9%         N/A       17%         3
 Vampiric Draining        Necr           9%         2d6       17%         3
 Metabolic Englaciation   Hex/Ice        15%        N/A       32%         5
 Summon Mana Viper        Hex/Summ       28%        N/A       36%         5
 Ozocubu's Refrigeration  Ice            25%        4d13      45%         7
 Dispel Undead            Necr           9%         3d8       50%         4
 Summon Cactus Giant      Summ           23%        N/A       50%         6
 Borgnjor's Vile Clutch   Necr/Erth      4%         N/A       83%         5
 Death Channel            Necr           4%         N/A       100%        6
 Ignition                 Fire           18%        3d7       100%        8
 Lehudib's Crystal Spear  Conj/Erth      16%        10d5      100%        8
 Polar Vortex             Ice            25%        12d3*     100%        9
 Animate Armour           Summ/Erth      Unusable   N/A       N/A         4

Inventory:

Jewellery
 g - an amulet of regeneration (around neck)
 i - an amulet of the acrobat
 C - a ring of ice
 F - a ring of protection from fire
 I - a +6 ring of intelligence (right paw)
 J - the ring of Beunlari (left paw) {Str-4 Int+4 Dex+6 Slay+2}
   (You bought it in a shop on level 2 of the Orcish Mines)

   [ring of dexterity]

   Str-4:     It affects your strength (-4).
   Int+4:     It affects your intelligence (+4).
   Dex+6:     It affects your dexterity (+6).
   Slay+2:    It affects your accuracy & damage with ranged weapons and melee
   (+2).
 N - a ring of positive energy
 Z - a ring of wizardry
Talismans
 b - a beast talisman (active)
 c - a flux talisman
 q - a blade talisman
 y - a maw talisman
Wands
 a - a wand of roots (4)
 f - a wand of digging (6)
 u - a wand of paralysis (9)
 v - a wand of flame (11)
 B - a wand of quicksilver (9)
Scrolls
 d - 2 scrolls of fog
 j - 5 scrolls of poison {!r}
 k - a scroll of immolation {!r}
 l - 4 scrolls of teleportation {@r4}
 n - 3 scrolls of vulnerability {!r}
 o - 3 scrolls of revelation
 D - 2 scrolls of blinking
 K - a scroll of identify {@r1}
Potions
 e - 8 potions of curing {@q1}
 h - 3 potions of lignification {!q}
 m - 6 potions of attraction {!q}
 p - a potion of enlightenment
 r - a potion of magic
 s - 3 potions of heal wounds {@q2}
 t - 4 potions of might
 w - 2 potions of invisibility
 x - a potion of brilliance
 z - 3 potions of haste {@q3}
 A - a potion of mutation {!q}
 G - a potion of berserk rage {!q}
Miscellaneous
 E - a lightning rod (4/4)

Dungeon Overview and Level Annotations

Branches:
Dungeon (15/15)            Temple (1/1) D:5            Lair (5/5) D:8
  Swamp (0/4) Lair:3        Snake (1/4) Lair:2        Slime (0/5) Lair:5
    Orc (2/2) D:9             Elf (1/3) Orc:2        Vaults (0/5) D:13
 Depths (1/4) D:15          IceCv (visited)

Altars:
Ashenzari
Cheibriados
Dithmenos
Elyvilon
Fedhas
Gozag
Hepliaklqana
Kikubaaqudgha
Makhleb
Nemelex Xobeh
Okawaru
Qazlal
Ru
Sif Muna
Trog
Uskayaw
Vehumet
Wu Jian
Xom
Yredelemnul
Zin
The Shining One
Jiyva

Shops:
D:3 [:=(   D:4 :   D:13 [?:(   D:15 (   Orc:1 *   Orc:2 ([*=[

Portals:
Trove: Elf:1 (give 2 scrolls of acquirement)

..........♣.~#
............~♣.
.?.........≈~..
..N†.....♣≈≈~
........~~≈)
.....N..~~♣
....RN†..~♣♣###.
.......†........
....♣..Sh.......
#.......♣......#
###♣#♣♣♣♣♣♣##♣♣#


You could see an anaconda (very poisoned), a naga ritualist, 2 naga magi and a
friendly dryad (summoned, poisoned).


Message History

You are more poisoned.
* * * LOW HITPOINT WARNING * * *
Unknown command.
Casting: Poisonous Vapours (safe; 1% risk of failure)
Confirm with . or Enter, or press ? or * to list all spells.
You can't see any susceptible monsters within range! (Use Z to cast anyway.) Unknown command.
Unknown command.
Casting: Poisonous Vapours (safe; 1% risk of failure)
Confirm with . or Enter, or press ? or * to list all spells.
You can't see any susceptible monsters within range! (Use Z to cast anyway.) Unknown command.
Casting: Poisonous Vapours (safe; 1% risk of failure)
Confirm with . or Enter, or press ? or * to list all spells.
Okay, then.
Casting: Poisonous Vapours (safe; 1% risk of failure)
Confirm with . or Enter, or press ? or * to list all spells.
You can't see any susceptible monsters within range! (Use Z to cast anyway.)
Casting: Poisonous Vapours (safe; 1% risk of failure)
Confirm with . or Enter, or press ? or * to list all spells.
Okay, then.
Press: ? - help, v - describe, . - travel
Here: an anaconda (heavily wounded, very poisoned)
The floor.
You feel better. The anaconda misses you. The anaconda bites you!
* * * LOW HITPOINT WARNING * * *
The naga mage gestures at you while chanting.
The bolt of poison hits you!
You are poisoned.
You die...

Skill      XL: |  1  2  3  4  5  6  7  8  9 10 11 12 13 14 15 |
---------------+----------------------------------------------+-----
Stealth        | 1 2 3 4 5 6 7 8 9 |  9.2
Dodging        | 3 4 5 6 7 8 9 |  9.1
Shapeshifting  | 4 5 6 7 8 9 |  9.8
Spellcasting   | 1 2 3 4 5 6 |  6.8
Fighting       | 2 3 4 5 6 |  6.7
Conjurations   | 1 2 3 4 5 6 7 8 |  8.1
Air Magic      | 1 2 3 4 5 6 7 8 |  8.0
Unarmed Combat | 4 5 6 7 8 9 |  9.8
Poison Magic   | 1 2 3 4 5 6 |  6.8
Evocations     | 1 2 3 4 5 6 |  6.7
Ice Magic      | 1 2 3 4 5 6 7 |  7.5
Translocations | 1 4 6 7 8 9 |  9.5
Summonings     | 1 3 4 5 6 |  6.5
Transmutations | 1 3 4 6 |  6.8
Fire Magic     | 1 2 4 5 |  5.0

Action                     |  1- 3 |  4- 6 |  7- 9 | 10-12 | 13-15 || total
---------------------------+-------+-------+-------+-------+-------++-------
  Melee: Unarmed           |    84 |   107 |   253 |   215 |   301 ||   960
         Bite              |     6 |    11 |    32 |    33 |    46 ||   128
         Punch             |     4 |     2 |    14 |     9 |    24 ||    53
   Cast: Mephitic Cloud    |       |     1 |     7 |    22 |     3 ||    33
         Frozen Ramparts   |       |       |     6 |    10 |     7 ||    23
         Poisonous Vapours |       |       |    32 |   170 |   401 ||   603
         Momentum Strike   |       |       |     6 |     2 |     5 ||    13
         Ignite Poison     |       |       |       |    44 |   196 ||   240
         Summon Forest     |       |       |       |     3 |    34 ||    37
Ability: Begin Untransform |       |       |       |       |     1 ||     1
  Evoke: Wand              |       |     1 |     8 |    10 |    24 ||    43
    Use: Potion            |       |     1 |     9 |     3 |     2 ||    15
         Scroll            |       |       |     7 |     7 |    13 ||    27
   Stab: Sleeping          |     7 |     1 |     7 |     3 |     5 ||    23
         Paralysed         |       |     3 |       |     2 |     2 ||     7
         Confused          |       |     1 |     3 |     4 |       ||     8
         Distracted        |       |       |       |     2 |     2 ||     4
 Armour: Skin              |    14 |    20 |   134 |   104 |   175 ||   447
  Dodge: Dodged            |    43 |   116 |   254 |   240 |   348 ||  1001
         Form:             |       |       |       |       |     1 ||     1
         Blade             |       |       |       |       |     1 ||     1
         Beast             |       |       |       |       |     1 ||     1

Levels and vault maps discovered:
D:1:      onia_arrival_handbag, layout_basic
D:2:      layout_loops_ring
D:3:      layout_loops_ring, nicolae_uskayaw_dance_hall, lemuel_doored_altar,
          nicolae_dithmenos_the_darkroom, serial_shops, shop,
          nicolae_shop_overgrown_old_shop, shop, shop, uniq_crazy_yiuf_cottage
D:4:      layout_basic, serial_shops, nicolae_shop_crystal
D:5:      layout_loops_ring, evilmike_ruin_ashenzari, minmay_temple_entry_wispy,
          uniq_blork_the_orc, uniq_eustachio, uniq_prince_ribbit1
D:6:      layout_basic, kennysheep_decorative_pillar, hex_medium, uniq_menkaure
D:7:      layout_loops_corners, nicolae_gozag_seed_capital, minmay_misc_feat_x,
          kennysheep_minor_cross, uniq_maurice
D:8:      layout_basic, nicolae_elyvilon_temple_path, david_lair_shrubbed,
          minmay_misc_feat_rugged
D:9:      layout_small_grid, orc_0_dummy
D:10:     cheibrodos_two_vegetables, layout_irregular_city,
          beargit_hepliaklqana_dungeon_heroes, old_standard_altar,
          wad_floor_pattern_2, uniq_sonja, uniq_snorg
D:11:     layout_irregular_city, uniq_lodul, uniq_grum
D:12:     layout_roguey
D:13:     layout_roguey, david_vaults_5, serial_shops, kennysheep_mini_moat,
          shop, nicolae_shop_rolled_up, nicolae_shop_stone,
          nemelex_lonely_heart_becter, uniq_azrael
D:14:     layout_big_octagon, minmay_crystal_water
D:15:     grunt_enter_depths_snipers, layout_stronghold, serial_shops,
          nicolae_shop_stone, chequers_serial_rivers_small_3
Temple:   nicolae_temple_superstar
Lair:1:   layout_cave_pods, uniq_urug
Lair:2:   layout_regular_city, nicolae_snake_entry_warm_welcome
Lair:3:   layout_concentric_octagons, mainiacjoe_swamp_entry_angry_trees,
          portal_ice_cave_entry_pillars_2, lemuel_fruit_fields
Lair:4:   layout_loops_ring, minmay_hedge_maze, grunt_megastairs_1
Lair:5:   grunt_lair_end_beastmaster, layout_misc_corridors,
          minmay_slime_entry_oklob_enclosed, basic_altar
Snake:1:  layout_onion, minmay_snake_pond, grunt_megastairs_2, uniq_aizul
Orc:1:    cheibrodos_orc_bank, layout_diamond_mine,
          nicolae_shop_overcharged_wands
Orc:2:    st_orc_congregation, layout_diamond_mine, serial_shops, shop
Elf:1:    nicolae_elf_arrival_fired_up, layout_rooms,
          nicolae_trove_entry_isolated, minmay_elf_annihilation
Depths:1: layout_forbidden_donut, enter_ziggurat_d,
          nicolae_concentric_dashed_squares_mild, abyss_entry, grunt_hell_horde,
          grunt_decor_arrowhead, hangedman_summoners_spam

Notes
Turn   | Place    | Note
-------+----------+-------------------------------------------
     0 | D:1      | Jeffwins the Felid Shapeshifter began the quest for the
                  | Orb.
     0 | D:1      | Reached XP level 1. HP: 9/9 MP: 2/2
   156 | D:1      | Reached XP level 2. HP: 4/12 MP: 3/3
   277 | D:1      | Reached skill level 1 in Stealth
   689 | D:2      | Reached skill level 3 in Dodging
   689 | D:2      | Reached XP level 3. HP: 12/15 MP: 4/4
   769 | D:2      | Identified the +3 hand axe of the Bellicose God {distort,
                  | Str+2}
  1322 | D:3      | Identified the +1 mace of Fotamyfu {flame, rF+ rN+}
  1336 | D:3      | Found Peammu's Jewellery Shoppe.
  1349 | D:3      | Found a hide-covered altar of Uskayaw.
  1389 | D:3      | Found Niromun's Book Emporium.
  1461 | D:3      | Found Gigyuros's Antique Armour Shop.
  1479 | D:3      | Found a shadowy altar of Dithmenos.
  1742 | D:3      | Found a shimmering altar of Xom.
  1760 | D:3      | Found Sothomats's Antique Weapon Boutique.
  1957 | D:3      | Found a runed translucent door.
  1958 | D:3      | Noticed Crazy Yiuf
  2064 | D:3      | Killed Crazy Yiuf
  2065 | D:3      | Reached skill level 4 in Shapeshifting
  2065 | D:3      | Reached XP level 4. HP: 19/19 MP: 6/6
  2292 | D:4      | Learned a level 3 spell: Mephitic Cloud
  2321 | D:4      | Reached skill level 2 in Stealth
  2321 | D:4      | Reached skill level 1 in Spellcasting
  2352 | D:3      | Reached XP level 5. HP: 14/22 MP: 7/7
  2578 | D:4      | Found Soqes's Book Boutique.
  2955 | D:5      | Entered Level 5 of the Dungeon
  3250 | D:4      | Reached skill level 2 in Fighting
  3345 | D:4      | Reached skill level 1 in Conjurations
  3345 | D:4      | Reached skill level 1 in Air Magic
  3396 | D:5      | Reached skill level 4 in Unarmed Combat
  3396 | D:5      | Gained mutation: You are covered in thick fur. (AC +2)
                  | [Felid growth]
  3396 | D:5      | Reached XP level 6. HP: 10/26 MP: 8/8
  3525 | D:5      | Found a staircase to the Ecumenical Temple.
  3537 | Temple   | Entered the Ecumenical Temple
  3570 | Temple   | Became a worshipper of Vehumet
  3624 | D:5      | Reached skill level 1 in Poison Magic
  3624 | D:5      | Reached skill level 1 in Evocations
  3768 | D:5      | Noticed Blork the orc
  3772 | D:5      | Noticed Prince Ribbit
  3784 | D:5      | Noticed Eustachio
  3786 | D:5      | Noticed a water moccasin
  3787 | D:5      | Killed Blork the orc
  3788 | D:5      | Reached skill level 3 in Stealth
  3788 | D:5      | Reached XP level 7. HP: 30/30 MP: 10/10
  3813 | D:4      | Learned a level 3 spell: Frozen Ramparts
  3842 | D:5      | Reached skill level 4 in Dodging
  3842 | D:5      | Reached skill level 2 in Air Magic
  3862 | D:5      | Killed Eustachio
  3863 | D:5      | Reached skill level 2 in Conjurations
  3885 | D:5      | Reached skill level 5 in Shapeshifting
  3911 | D:5      | Found a broken altar of Ashenzari.
  3918 | D:5      | Noticed a shadow
  4231 | D:5      | Reached skill level 2 in Spellcasting
  4241 | D:5      | Killed a shadow
  4242 | D:5      | Reached skill level 2 in Evocations
  4242 | D:5      | Reached XP level 8. HP: 17/34 MP: 12/12
  4553 | D:5      | Killed Prince Ribbit
  4705 | D:6      | Reached skill level 3 in Fighting
  4711 | D:6      | Reached skill level 5 in Unarmed Combat
  4769 | D:6      | Reached skill level 4 in Stealth
  4769 | D:6      | Reached skill level 3 in Air Magic
  4788 | D:6      | Reached * piety under Vehumet
  4788 | D:6      | Offered knowledge of Shock by Vehumet.
  4865 | D:6      | Reached skill level 2 in Poison Magic
  4878 | D:6      | Noticed Menkaure
  4885 | D:6      | Killed Menkaure
  4886 | D:6      | Reached skill level 3 in Conjurations
  5216 | D:6      | Reached skill level 5 in Dodging
  5757 | D:7      | Reached skill level 1 in Ice Magic
  5757 | D:7      | Reached XP level 9. HP: 28/38 MP: 13/13
  5836 | D:7      | Learned a level 2 spell: Poisonous Vapours
  5868 | D:7      | Identified a potion of resistance
  5890 | D:7      | Found an opulent altar of Gozag.
  6305 | D:7      | Got the Tractate on the Volcano
  6614 | D:7      | HP: 3/36 [wight/+5 war axe of freezing (19)]
  6803 | D:7      | Offered knowledge of Momentum Strike by Vehumet.
  6913 | D:7      | Noticed Maurice
  6934 | D:7      | Killed Maurice
  6934 | D:7      | Reached ** piety under Vehumet
  6935 | D:7      | Reached skill level 3 in Evocations
  6935 | D:7      | Reached skill level 6 in Shapeshifting
  7031 | D:3      | Bought an amulet of regeneration for 330 gold pieces
  7256 | D:8      | Learned a level 2 spell: Momentum Strike
  7379 | D:8      | Reached skill level 2 in Ice Magic
  7469 | D:8      | Reached skill level 3 in Spellcasting
  7522 | D:8      | Reached skill level 5 in Stealth
  7523 | D:8      | Reached skill level 4 in Air Magic
  7525 | D:8      | Reached skill level 4 in Conjurations
  7769 | D:8      | Found a staircase to the Lair.
  7770 | D:8      | Noticed a komodo dragon
  7854 | D:8      | Reached skill level 4 in Fighting
  7854 | D:8      | Reached skill level 6 in Unarmed Combat
  8191 | D:8      | Found a white marble altar of Elyvilon.
  8328 | D:8      | Killed a komodo dragon
  8543 | D:9      | Reached XP level 10. HP: 42/42 MP: 9/15
  8898 | D:9      | Reached skill level 3 in Ice Magic
  8912 | D:9      | Reached skill level 3 in Poison Magic
  8936 | D:9      | HP: 3/43 [steam dragon (4)]
  8941 | D:9      | Reached skill level 6 in Dodging
  8945 | D:9      | HP: 2/43 [wight/+3 scimitar (15)]
  8945 | D:9      | Slain by a wight
  9139 | D:9      | Offered knowledge of Searing Ray by Vehumet.
  9170 | D:9      | Found a staircase to the Orcish Mines.
  9392 | D:10     | Entered Level 10 of the Dungeon
  9397 | D:10     | Noticed Sonja
  9400 | D:10     | Noticed a two-headed ogre
  9412 | D:10     | Killed Sonja
  9413 | D:10     | Reached skill level 4 in Evocations
  9510 | D:10     | Noticed a gargoyle
  9515 | D:10     | Killed a gargoyle
  9516 | D:10     | Reached skill level 6 in Stealth
  9600 | D:10     | Killed a two-headed ogre
  9601 | D:10     | Reached skill level 5 in Conjurations
  9601 | D:10     | Reached skill level 5 in Air Magic
  9601 | D:10     | Reached skill level 7 in Shapeshifting
  9803 | D:10     | Learned a level 5 spell: Summon Forest
  9824 | D:10     | Reached *** piety under Vehumet
  9857 | D:10     | Found an ornate altar of the Wu Jian Council.
 10076 | D:10     | Reached skill level 1 in Translocations
 10097 | D:10     | Noticed Snorg
 10117 | D:10     | Killed Snorg
 10118 | D:10     | Reached skill level 1 in Summonings
 10118 | D:10     | Reached XP level 11. HP: 31/46 MP: 4/17
 10325 | D:10     | Noticed a two-headed ogre
 10335 | D:10     | Killed a two-headed ogre
 10336 | D:10     | Reached skill level 7 in Unarmed Combat
 10336 | D:10     | Reached skill level 2 in Translocations
 10336 | D:10     | Reached skill level 4 in Ice Magic
 10466 | D:10     | Reached skill level 4 in Spellcasting
 10471 | D:10     | Slain by a gargoyle
 10505 | D:10     | Noticed a tengu warrior
 10518 | D:10     | HP: 4/46 [tengu warrior/+0 war axe (10)]
 10520 | D:10     | Slain by a tengu warrior
 10525 | D:10     | Killed a tengu warrior
 10552 | D:10     | Found a hazy altar of Hepliaklqana.
 10555 | D:10     | Found a faded altar of an unknown god.
 10689 | D:10     | Reached skill level 5 in Fighting
 11012 | D:11     | Offered knowledge of Inner Flame by Vehumet.
 11053 | D:11     | Noticed Lodul
 11088 | D:11     | Reached skill level 3 in Translocations
 11129 | D:10     | Reached skill level 2 in Summonings
 11171 | D:11     | Killed Lodul
 11262 | D:11     | You fall into a shaft and drop 2 floors!
 11349 | D:13     | Noticed a centaur warrior
 11374 | D:13     | Killed a centaur warrior
 11502 | D:13     | Found Remom's Antique Weapon Shop.
 11502 | D:13     | Found Qohe's Book Shoppe.
 11514 | D:13     | Bought an Everburning Encyclopedia for 540 gold pieces
 11518 | D:13     | Learned a level 3 spell: Ignite Poison
 11554 | D:13     | Noticed a centaur warrior
 11560 | D:13     | Killed a centaur warrior
 11561 | D:13     | Reached skill level 7 in Dodging
 11561 | D:13     | Reached skill level 7 in Stealth
 11677 | D:13     | Noticed a centaur warrior
 11683 | D:13     | Killed a centaur warrior
 11684 | D:13     | Reached skill level 4 in Translocations
 11711 | D:13     | Reached skill level 1 in Transmutations
 11745 | D:13     | Noticed a centaur warrior
 11753 | D:13     | Killed a centaur warrior
 11791 | D:13     | Found a sparkling altar of Nemelex Xobeh.
 11870 | D:13     | Reached skill level 1 in Fire Magic
 12027 | D:13     | Noticed an entropy weaver
 12038 | D:13     | Killed an entropy weaver
 12039 | D:13     | Reached skill level 3 in Summonings
 12039 | D:13     | Gained mutation: Your thick and shaggy fur keeps you warm.
                  | (AC +3, rC+) [Felid growth]
 12039 | D:13     | Reached XP level 12. HP: 51/51 MP: 2/19
 12117 | D:13     | Noticed Azrael
 12121 | D:13     | Killed Azrael
 12122 | D:13     | Reached skill level 6 in Conjurations
 12122 | D:13     | Reached skill level 4 in Poison Magic
 12201 | D:13     | Noticed a six-headed hydra
 12210 | D:13     | Identified a scroll of acquirement
 12210 | D:13     | Acquired a ring of wizardry
 12264 | D:13     | Noticed a vault guard
 12268 | D:13     | Killed a vault guard
 12269 | D:13     | Reached skill level 2 in Transmutations
 12269 | D:13     | Reached skill level 6 in Air Magic
 12269 | D:13     | Reached skill level 5 in Evocations
 12514 | D:11     | Reached skill level 5 in Translocations
 12544 | D:11     | Reached **** piety under Vehumet
 12734 | D:11     | Reached skill level 5 in Ice Magic
 12744 | D:11     | Reached skill level 8 in Shapeshifting
 12890 | D:11     | Offered knowledge of Dazzling Flash by Vehumet.
 13098 | D:11     | Noticed Grum
 13101 | D:11     | Killed Grum
 13102 | D:11     | Reached skill level 2 in Fire Magic
 13723 | D:12     | Noticed a two-headed ogre
 13726 | D:12     | Killed a two-headed ogre
 13975 | D:12     | Noticed a boulder beetle
 13986 | D:12     | Killed a boulder beetle
 14064 | D:12     | Reached skill level 8 in Unarmed Combat
 14204 | D:13     | Noticed a death knight
 14209 | D:13     | Killed a death knight
 14257 | D:13     | Noticed a great orb of eyes
 14264 | D:13     | Killed a great orb of eyes
 14265 | D:13     | Reached skill level 3 in Transmutations
 14356 | D:13     | Reached skill level 4 in Summonings
 14362 | D:13     | Noticed a centaur warrior
 14366 | D:13     | Killed a centaur warrior
 14531 | D:13     | Found Joaz's Magic Scroll Shop.
 14534 | D:13     | Bought a scroll of vulnerability for 60 gold pieces
 14534 | D:13     | Bought a scroll of poison for 60 gold pieces
 14534 | D:13     | Bought a scroll of teleportation for 45 gold pieces
 14534 | D:13     | Bought a scroll of poison for 60 gold pieces
 14534 | D:13     | Bought a scroll of identify for 30 gold pieces
 14568 | D:13     | Killed a six-headed hydra
 14599 | D:13     | Found Watwomig's Armour Shoppe.
 14632 | D:13     | Noticed a centaur warrior
 14636 | D:13     | Killed a centaur warrior
 14702 | D:13     | Found a gate to the Vaults.
 14848 | D:14     | Reached skill level 6 in Translocations
 14886 | D:14     | Noticed a centaur warrior
 14899 | D:14     | Noticed a centaur warrior
 14904 | D:14     | Killed a centaur warrior
 14949 | D:14     | Reached skill level 5 in Spellcasting
 14999 | D:14     | Reached XP level 13. HP: 55/55 MP: 12/21
 15168 | Lair:1   | Entered Level 1 of the Lair of Beasts
 15181 | Lair:1   | Noticed Urug
 15187 | Lair:1   | Killed Urug
 15276 | Lair:1   | Reached ***** piety under Vehumet
 15279 | Lair:1   | Offered knowledge of Arcjolt by Vehumet.
 15414 | Lair:1   | Reached skill level 3 in Fire Magic
 15479 | Lair:1   | Reached skill level 8 in Stealth
 15840 | Lair:1   | Reached skill level 8 in Dodging
 16240 | Lair:1   | Slain by a black mamba
 16247 | Lair:1   | Reached skill level 4 in Transmutations
 16256 | Lair:1   | Reached skill level 5 in Poison Magic
 16385 | Lair:1   | Acquired Jurouzxu's Writings on Firn and Unholy Liturgies
 17165 | Lair:2   | Reached skill level 6 in Ice Magic
 17941 | Lair:2   | Found a staircase to the Snake Pit.
 18107 | Lair:3   | Found a frozen archway.
 18117 | IceCv    | Entered an ice cave
 18543 | IceCv    | Engulfed by an ice statue's freezing vapour
 18598 | IceCv    | Reached skill level 6 in Fighting
 18598 | IceCv    | Reached skill level 7 in Translocations
 18972 | IceCv    | Reached skill level 7 in Conjurations
 19543 | IceCv    | Noticed a reaper
 19643 | Lair:3   | Reached skill level 5 in Summonings
 19764 | Lair:3   | Found a staircase to the Swamp.
 19909 | Lair:3   | Reached skill level 4 in Fire Magic
 20343 | Lair:4   | Reached skill level 7 in Air Magic
 20346 | Lair:4   | HP: 5/55 [poisoned by a black mamba]
 20351 | Lair:4   | HP: 4/55 [poisoned by a black mamba]
 20835 | Lair:4   | Reached skill level 9 in Shapeshifting
 21334 | Lair:4   | Reached XP level 14. HP: 53/60 MP: 23/23
 21529 | Lair:5   | Entered Level 5 of the Lair of Beasts
 21563 | Lair:5   | Offered knowledge of Olgreb's Toxic Radiance by Vehumet.
 21563 | Lair:5   | HP: 5/60 [cane toad (17)]
 21686 | Lair:5   | Reached skill level 5 in Transmutations
 22045 | Lair:5   | HP: 4/60 [skyshark (11)]
 22247 | Lair:5   | Found a hide-covered altar of Uskayaw.
 22344 | Lair:5   | Reached skill level 6 in Evocations
 22475 | Lair:5   | Reached skill level 9 in Unarmed Combat
 22915 | Lair:5   | Reached skill level 8 in Translocations
 23216 | Lair:5   | Found a viscous altar of Jiyva.
 23219 | Lair:5   | Found a staircase to the Slime Pits.
 23470 | Lair:5   | Reached skill level 6 in Poison Magic
 23967 | Lair:5   | Identified the +2 pair of gloves of Qazlal's Supremacy
                  | {rElec rPois Dex-4 SInv}
 24256 | Orc:1    | Entered Level 1 of the Orcish Mines
 24639 | Orc:1    | Reached skill level 6 in Spellcasting
 24639 | Orc:1    | Reached skill level 7 in Ice Magic
 24781 | Orc:1    | Found Xaos's Overcharged Wands.
 25183 | Orc:1    | Reached ****** piety under Vehumet
 25322 | Orc:2    | Entered Level 2 of the Orcish Mines
 25322 | Orc:2    | Found a staircase to the Elven Halls.
 25375 | Orc:2    | Found Uluv's Armour Shoppe.
 25566 | Orc:2    | Noticed an orc warlord
 25585 | Orc:2    | Reached skill level 6 in Summonings
 25605 | Orc:2    | Offered knowledge of Orb of Destruction by Vehumet.
 25751 | Orc:2    | Reached skill level 6 in Transmutations
 25945 | Orc:2    | Reached skill level 5 in Fire Magic
 26060 | Orc:2    | Killed an orc warlord
 26612 | Orc:2    | Learned a level 7 spell: Orb of Destruction
 27082 | Orc:2    | Offered knowledge of Iskenderun's Battlesphere by Vehumet.
 27160 | Orc:2    | Reached XP level 15. HP: 63/63 MP: 22/25
 27289 | Orc:2    | Found Yxiruw's Antique Armour Emporium.
 27290 | Orc:2    | Found Ubotzex's Antique Weapon Shoppe.
 27292 | Orc:2    | Found Idghirgh's General Store.
 27292 | Orc:2    | Found Qicsul's Jewellery Emporium.
 27297 | Orc:2    | Bought a scroll of identify for 30 gold pieces
 27297 | Orc:2    | Bought a scroll of amnesia for 60 gold pieces
 27481 | Orc:2    | Bought the ring of Beunlari {Str-4 Int+4 Dex+6 Slay+2} for
                  | 771 gold pieces
 27481 | Orc:2    | Bought a wand of quicksilver (6) for 378 gold pieces
 27541 | Elf:1    | Entered Level 1 of the Elven Halls
 27557 | Elf:1    | Reached skill level 9 in Translocations
 27733 | Elf:1    | Found a portal to a secret trove of treasure.
 27929 | D:3      | Bought an Inescapable Atlas for 160 gold pieces
 27932 | D:3      | Learned a level 2 spell: Blink
 28218 | D:14     | Reached skill level 9 in Stealth
 28556 | D:15     | Entered Level 15 of the Dungeon
 28734 | D:15     | Reached skill level 8 in Conjurations
 28773 | D:15     | Found Sewn's Antique Weapon Boutique.
 28840 | D:15     | Reached skill level 9 in Dodging
 29241 | D:15     | Found a staircase to the Depths.
 29900 | Depths:1 | Entered Level 1 of the Depths
 30017 | Depths:1 | Reached skill level 8 in Air Magic
 30627 | Snake:1  | Entered Level 1 of the Snake Pit
 30640 | Snake:1  | Killed from afar by a naga mage

Vanquished Creatures
  An orc warlord (Orc:2)
  A stone giant (D:15)
  Azrael (D:13)
  A dire elephant (Lair:5)
  Snorg (D:10)
  An entropy weaver (shapeshifter) (D:13)
  An ice dragon (Depths:1)
  A great orb of eyes (D:13)
  5 hydras
  A vault guard (D:13)
  8 centaur warriors
  A catoblepas (Lair:5)
  2 boulder beetles
  An anaconda (Snake:1)
  5 two-headed ogres
  A death knight (D:13)
  6 tengu warriors
  4 death yaks (Lair:5)
  A deep troll shaman (Lair:5)
  Urug (Lair:1)
  3 orc high priests (Orc:2)
  3 spriggan berserkers (Depths:1)
  Sonja (D:10)
  4 deep elf knights (Elf:1)
  A skyshark (Lair:5)
  Lodul (D:11)
  2 spriggan druids (Lair:3)
  2 deep elf archers (Elf:1)
  6 orc knights
  6 deep elf pyromancers
  2 deep elf zephyrmancers (Elf:1)
  2 orc sorcerers (Orc:2)
  3 cyclopes
  2 manticores
  4 ugly things
  A salamander (Lair:2)
  22 elephants
  Maurice (D:7)
  An ice statue (IceCv)
  3 black mambas
  2 gargoyles (D:10)
  2 torpor snails
  4 cane toads
  A kobold demonologist (D:13)
  An unseen horror (D:11)
  10 komodo dragons
  3 rime drakes
  A tengu conjurer (D:15)
  A yaktaur (shapeshifter) (D:12)
  A yaktaur (D:13)
  5 trolls
  A meliai (shapeshifter) (D:15)
  A meliai (D:13)
  2 polar bears (Lair:5)
  2 hornets
  Prince Ribbit (D:5)
  A shadow (D:5)
  2 water elementals (D:14)
  4 fire elementals
  2 spriggans
  A wraith (D:12)
  A wyvern (D:9)
  7 basilisks
  Eustachio (D:5)
  19 yaks
  A golden eye (shapeshifter) (D:14)
  Grum (D:11)
  A steam dragon (D:9)
  Menkaure (D:6)
  2 death yak simulacra (IceCv)
  2 vampire mosquitoes (D:12)
  2 wargs (Orc:2)
  5 hell hounds (D:13)
  4 acid dragons
  14 water moccasins
  27 orc warriors
  A sky beast (D:8)
  A black bear (Lair:5)
  A black bear (shapeshifter) (D:15)
  18 ogres
  15 wolves
  14 centaurs
  2 phantoms
  Blork the orc (D:5)
  A kobold brigand (D:10)
  3 gnoll sergeants
  2 two-headed ogre simulacra (IceCv)
  11 bullfrogs
  2 cane toad simulacra (IceCv)
  A scorpion (D:7)
  19 wights
  2 elephant simulacra (IceCv)
  13 killer bees
  7 electric eels
  5 howler monkeys
  4 lava snakes (Lair:2)
  17 orc priests
  5 hounds
  Crazy Yiuf (D:3)
  A sleepcap (D:5)
  17 orc wizards
  4 iguanas
  3 polar bear simulacra (IceCv)
  2 spriggan simulacra (IceCv)
  7 troll simulacra (IceCv)
  A wolf simulacrum (IceCv)
  10 gnolls
  2 adders (D:2)
  3 naga simulacra (IceCv)
  4 white imps (IceCv)
  8 ufetubi
  A worm (D:2)
  A dart slug (D:4)
  62 orcs
  7 endoplasms
  4 giant cockroaches
  7 goblins
  12 hobgoblins
  A quokka (D:1)
  2 ball pythons
  4 bats
  7 frilled lizards
  8 kobolds
  7 rats
  A snaplasher vine (Depths:1)
582 creatures vanquished.

Vanquished Creatures (collateral kills)
  A hydra (Lair:2)
  2 death yaks (Lair:5)
  An orc high priest (Orc:2)
  2 deep elf pyromancers (Elf:1)
  2 oklob plants (Lair:5)
  2 ugly things (Depths:1)
  An orc sorcerer (Orc:2)
  An elephant (Lair:5)
  A black mamba (Lair:1)
  A cane toad (Lair:5)
  A centaur simulacrum (D:14)
  A shadow (D:11)
  A water elemental (D:14)
  2 wargs (Orc:1)
  A naga (Snake:1)
  A water moccasin (Lair:5)
  2 orc warriors (Orc:2)
  An ogre (Orc:2)
  A wolf (Lair:5)
  A two-headed ogre simulacrum (IceCv)
  An elephant simulacrum (IceCv)
  An orc priest (Orc:2)
  3 orc wizards (Orc:2)
  A troll simulacrum (IceCv)
  3 naga simulacra (IceCv)
  2 white imps (IceCv)
  12 orcs (Orc:2)
49 creatures vanquished.

Vanquished Creatures (others)
  A killer bee (D:9)
  9 snaplasher vines
10 creatures vanquished.

Grand Total: 641 creatures vanquished

Table legend: (Time is in decaauts)
 A = Elapsed time spent in this place.
 B = Non-inter-level travel time spent in this place.
 C = Inter-level travel time spent in this place.
 D = Time resting spent in this place.
 E = Time spent auto-exploring this place.
 F = Levels seen in this place.
 G = Mean time per level.
                   A        B        C        D        E       F      G
               +--------+--------+--------+--------+--------+-----+--------+
         Total |  27187 |  25520 |   1667 |   4269 |  16426 |  27 | 1006.9 |
       Dungeon |  15275 |  14190 |   1085 |   2283 |   9371 |  15 | 1018.3 |
        Temple |     38 |      7 |     31 |      0 |      0 |   1 |   38.0 |
          Lair |   6813 |   6437 |    376 |    845 |   4454 |   5 | 1362.6 |
     Snake Pit |     12 |     12 |      0 |      0 |      0 |   1 |   12.0 |
  Orcish Mines |   3037 |   2878 |    159 |    203 |   2240 |   2 | 1518.5 |
   Elven Halls |    207 |    193 |     14 |    128 |     21 |   1 |  207.0 |
        Depths |    483 |    483 |      0 |    317 |     64 |   1 |  483.0 |
      Ice Cave |   1318 |   1318 |      0 |    493 |    275 |   1 | 1318.0 |
               +--------+--------+--------+--------+--------+-----+--------+

Top non-repeatable levels by time:
  Lair:5: 2324 daAuts
   Orc:2: 1830 daAuts
    D:13: 1675 daAuts
  Lair:1: 1590 daAuts
     D:7: 1427 daAuts
    D:10: 1362 daAuts
   IceCv: 1318 daAuts
   Orc:1: 1207 daAuts
    D:15: 1206 daAuts
     D:5: 1138 daAuts
    D:11: 1098 daAuts
  Lair:4: 1074 daAuts
     D:4: 1031 daAuts
  Lair:2: 1027 daAuts
     D:9: 1026 daAuts

Table legend:
 A = Non-vault XP
 B = Vault XP
 C = Vault XP percentage of total XP
 D = Non-vault monster count
 E = Vault monster count
 F = Vault count percentage of total count
                 A         B        C        D         E       F
            +---------+---------+-------+---------+---------+-------
      Total |   77127 |   55365 |  41.8 |     399 |     232 |  36.8
            +---------+---------+-------+---------+---------+-------
        D:1 |      29 |       4 |  12.1 |      18 |       4 |  18.2
        D:2 |      43 |       0 |   0.0 |      12 |       0 |   0.0
        D:3 |      93 |      39 |  29.5 |      15 |       1 |   6.2
        D:4 |     159 |       0 |   0.0 |      12 |       0 |   0.0
        D:5 |     839 |     576 |  40.7 |      23 |       3 |  11.5
        D:6 |     486 |     175 |  26.5 |      16 |       1 |   5.9
        D:7 |     942 |     485 |  34.0 |      22 |       1 |   4.3
        D:8 |    1075 |     367 |  25.5 |      15 |       1 |   6.2
        D:9 |    2088 |       0 |   0.0 |      26 |       0 |   0.0
       D:10 |    3154 |    3879 |  55.2 |      19 |      15 |  44.1
       D:11 |    1842 |    1998 |  52.0 |      14 |      11 |  44.0
       D:12 |    3951 |       0 |   0.0 |      12 |       0 |   0.0
       D:13 |    3816 |   10673 |  73.7 |       6 |      23 |  79.3
       D:14 |    3925 |       0 |   0.0 |      12 |       0 |   0.0
       D:15 |    3327 |    2696 |  44.8 |       7 |       3 |  30.0
     Temple |      40 |       0 |   0.0 |       1 |       0 |   0.0
     Lair:1 |    8840 |     800 |   8.3 |      30 |       1 |   3.2
     Lair:2 |    3884 |     725 |  15.7 |      12 |       5 |  29.4
     Lair:3 |    2894 |    2173 |  42.9 |      11 |       4 |  26.7
     Lair:4 |    2687 |    2530 |  48.5 |       9 |       6 |  40.0
     Lair:5 |    8925 |   12347 |  58.0 |      30 |      24 |  44.4
    Snake:1 |    1854 |       0 |   0.0 |       4 |       0 |   0.0
      Orc:1 |    3786 |     876 |  18.8 |      24 |      18 |  42.9
      Orc:2 |    2390 |   11110 |  82.3 |      24 |      67 |  73.6
      Elf:1 |    7253 |    1887 |  20.6 |      12 |       3 |  20.0
   Depths:1 |    8805 |       0 |   0.0 |      13 |       0 |   0.0
      IceCv |       0 |    2025 | 100.0 |       0 |      41 | 100.0
            +---------+---------+-------+---------+---------+-------
